 Dungeon Crawl Stone Soup version 0.28-a0-1143-gcf6077d4cc (webtiles) character file.

Game seed: 10059164530343458667

67428 Zonian the Fey Demonspawn (level 14, -11/106 HPs)
             Began as a Demonspawn Necromancer on Dec 13, 2021.
             Was an Initiate of Yredelemnul.
             Mangled by a large abomination (25 damage)
             ... on level 2 of the Abyss on Dec 14, 2021.
             The game lasted 01:59:59 (41288 turns).

Zonian the Fey Demonspawn (Demonspawn Necromancer) Turns: 41288, Time: 01:59:59

Health: -11/106    AC: 13    Str: 17    XL:     14   Next: 82%
Magic:  25/25      EV: 20    Int: 27    God:    Yredelemnul [......]
Gold:   1498       SH: 11    Dex: 17    Spells: 12/27 levels left

rFire   . . .      SeeInvis .   P - +5 short sword (venom)
rCold   x . .      Faith    .   o - +0 buckler
rNeg    . . .      Spirit   .   A - +1 ring mail of Dithmenos's Favour {rC- Int+9}
rPois   +          Reflect  .   i - +1 helmet
rElec   .          Harm     .   n - scarf {shadows}
rCorr   .          Rampage  .   X - +2 pair of gloves
Will    +....      Rage     1%  W - +0 pair of boots of Dediux {rPois Dex+2}
Stlth   ++++......              (no amulet)
HPRegen 0.27/turn               V - +6 ring of strength
MPRegen 0.19/turn               t - +4 ring of evasion

@: no status effects
A: large bone plates 2, powered by death 1, spiny 2, weakness stinger 2,
[berserk 1], [subdued magic 2]
a: Renounce Religion, Recall Undead Harvest


You were on level 2 of the Abyss.
You worshipped Yredelemnul.
Yredelemnul was pleased with you.
You visited 2 branches of the dungeon, and saw 20 of its levels.
You visited the Abyss 1 time.

You collected 2243 gold pieces.
You spent 745 gold pieces at shops.

Inventory:

Hand Weapons
 a - a +3 scimitar of flaming
 f - a +2 dagger of protection
 j - the +4 hand crossbow of Valiance {freeze, rPois rC- Will+++ Str+3}
   (You bought it in a shop on level 3 of the Dungeon)

   Any ammunition fired from it freezes those it strikes, dealing additional
   cold damage.
   It can also slow down cold-blooded creatures.
   Str:       It affects your strength (+3).
   rC:        It makes you vulnerable to cold.
   rPois:     It protects you from poison.
   Will:      It greatly increases your willpower.
 B - a +3 scimitar of freezing
 F - a +1 glaive of venom
 G - a +4 scimitar
 H - a +2 dagger of flaming
 M - a +2 short sword
 O - the +0 staff of Battle
   (You found it on level 10 of the Dungeon)

   It enhances your conjuration magic.
   It summons a battlesphere in combat, with strength depending on Conjurations
   skill.
   Its strikes trigger the battlesphere's blasts.
 P - a +5 short sword of venom (weapon)
Missiles
 g - 22 bolts
 p - 12 boomerangs
 y - 40 poisoned darts
 C - 4 throwing nets
 L - 99 sling bullets
Armour
 d - a +2 scale mail of fire resistance
 i - a +1 helmet (worn)
 n - a scarf of shadows (worn)
 o - a +0 buckler (worn)
 r - a +2 robe of willpower
 A - the +1 ring mail of Dithmenos's Favour (worn) {rC- Int+9}
   (You found it on level 7 of the Dungeon)

   Int:       It affects your intelligence (+9).
   rC:        It makes you vulnerable to cold.
 W - the +0 pair of boots of Dediux (worn) {rPois Dex+2}
   (You acquired it on level 3 of the Lair of Beasts)

   Dex:       It affects your dexterity (+2).
   rPois:     It protects you from poison.
 X - a +2 pair of gloves (worn)
Jewellery
 k - a ring of protection from fire
 l - a ring of protection from cold
 t - a +4 ring of evasion (right hand)
 w - a ring of willpower
 x - a ring of see invisible
 V - a +6 ring of strength (left hand)
Wands
 c - a wand of mindburst (11)
 u - a wand of flame (88)
 R - a wand of digging (5)
 Y - a wand of polymorph (4)
Scrolls
 m - 2 scrolls of magic mapping
 s - a scroll of fog
 I - a scroll of silence
 S - 3 scrolls of teleportation
 T - 3 scrolls of fear
Potions
 b - a potion of resistance
 h - 7 potions of mutation
 v - a potion of haste
 z - a potion of magic
 E - 3 potions of lignification
 J - 2 potions of flight
 K - a potion of curing
 Q - a potion of attraction
Miscellaneous
 D - a piece from Xom's chessboard (15/15)
 U - a condenser vane


   Skills:
 + Level 8.8 Fighting
 + Level 7.6(7.7) Short Blades
 - Level 2.1(5.2) Long Blades
 - Level 3.9 Throwing
 - Level 4.7 Armour
 + Level 9.7 Dodging
 - Level 10.0 Stealth
 + Level 3.1 Shields
 - Level 7.3 Spellcasting
 - Level 9.5 Necromancy
 - Level 5.0 Air Magic
 + Level 6.8 Poison Magic
 + Level 13.1 Invocations
 + Level 3.7 Evocations


You had 12 spell levels left.
You knew the following spells:

 Your Spells              Type           Power      Damage    Failure   Level
a - Pain                  Necr           100%       1d9       1%          1
b - Vampiric Draining     Necr           38%        2d8       1%          3
c - Agony                 Necr           38%        N/A       3%          5
d - Poisonous Vapours     Pois/Air       52%        N/A       1%          2
e - Olgreb's Toxic Radia  Pois           29%        N/A       3%          4

Your spell library contained the following spells:

 Spells                   Type           Power      Damage    Failure   Level
 Animate Skeleton         Necr           76%        N/A       1%          1
 Sting                    Tmut/Pois      68%        1d6       1%          1
 Animate Dead             Necr           19%        N/A       1%          4
 Spider Form              Tmut/Pois      17%        N/A       4%          3
 Magic Dart               Conj           24%        1d4       7%          1
 Slow                     Hex            24%        N/A       7%          1
 Ignite Poison            Fire/Tmut/Pois 13%        N/A       9%          3
 Searing Ray              Conj           12%        2d4       11%         2
 Call Canine Familiar     Summ           6%         N/A       24%         3
 Confusing Touch          Hex            6%         N/A       24%         3
 Inner Flame              Hex/Fire       6%         N/A       24%         3
 Portal Projectile        Hex/Tloc       12%        N/A       24%         3
 Tukima's Dance           Hex            6%         N/A       24%         3
 Cause Fear               Hex            3%         N/A       63%         4
 Flame Wave               Conj/Fire      6%         2d4       63%         4
 Fulminant Prism          Conj/Hex       3%         3d6       63%         4
 Ice Form                 Ice/Tmut       6%         N/A       63%         4
 Leda's Liquefaction      Hex/Erth       3%         N/A       63%         4
 Passage of Golubria      Tloc           6%         N/A       63%         4
 Lightning Bolt           Conj/Air       7%         1d19      63%         5
 Yara's Violent Unravell  Hex/Tmut       3%         3d4       94%         5
 Eringya's Noxious Bog    Tmut/Pois      8%         N/A       98%         6
 Dragon Form              Tmut           3%         N/A       100%        7
 Discord                  Hex            3%         N/A       100%        8


Dungeon Overview and Level Annotations

Branches:
Dungeon (14/15)            Temple (0/1) D:5            Lair (6/6) D:10
  Swamp (0/4) Lair:4        Snake (0/4) Lair:3        Slime (0/5) Lair:6
    Orc (0/2) D:11         Vaults (0/5) D:13

Altars:
Ashenzari
Gozag
Hepliaklqana
Nemelex Xobeh
Ru
Wu Jian
Yredelemnul
Zin
The Shining One

Shops:
D:3 *   D:4 !   D:5 *   D:8 *   D:10 *

Annotations:
D:10 3 runed translucent doors, KennySheep's ghost, novice DECj
D:13 2 transporters


Innate Abilities, Weirdness & Mutations

You are mostly covered in large bone plates. (SH +6)
You regenerate a little health from kills.
You are mostly covered in sharp spines.
You have a tail ending in a sharp stinger.
[You tend to lose your temper in combat.]
[Your spells are easier to cast, but less powerful.]


Message History

Casting: Pain (safe; 1% risk of failure)
Confirm with . or Enter, or press ? or * to list all spells.
Okay, then.
Unknown command.
Unknown command.
Unknown command.
Unknown command.
Unknown command.
Unknown command.
Unknown command.
Unknown command.
You completely miss the large abomination.
You tail-slap the large abomination, but do no damage.
You hit the large abomination but do no damage.
You block the large abomination's attack.
You barely miss the large abomination.
Unknown command.
You hit the large abomination but do no damage.
The large abomination is struck by your spines.
The large abomination barely misses you.
You hit the large abomination but do no damage.
The large abomination is lightly damaged.
You block the large abomination's attack.
You puncture the large abomination!
You tail-slap the large abomination, but do no damage.
The large abomination is moderately damaged.
Unknown command.
You hit the large abomination.
The large abomination is moderately damaged.
The large abomination is struck by your spines.
The large abomination hits you!!
* * * LOW HITPOINT WARNING * * *
You hit the large abomination.
Your tail-slap misses the large abomination.
The large abomination is severely damaged.
You hit the large abomination but do no damage.
The large abomination is severely damaged.
The large abomination hits you!!
You die...
Your body rises from the dead as a mindless zombie.

.# .# .## #.
#. #... x#.#
...# # ..#
#.#..
.##..##.
#....###X#.#
#
#.....@#.#X.
#.....####.#
#.#....#
.### #.#..#
.. # #.....
###... # #
.. . # . # #
. #


You could see a large abomination.

Vanquished Creatures
  Azrael (D:13)
  7 vault guards
  Harold (D:7)
  2 boulder beetles
  A centaur warrior (D:14)
  7 hydras
  A catoblepas (Lair:5)
  2 two-headed ogres
  4 death yaks
  A tengu warrior (D:13)
  A wretched star (Abyss:2)
  Pikel (D:7)
  A deep elf pyromancer (D:13)
  An ugly thing (D:12)
  A wolf spider (Lair:1)
  3 cyclopes
  A manticore (D:12)
  6 black mambas
  Maurice (D:9)
  4 cane toads
  A rime drake (Lair:6)
  5 kobold demonologists
  2 unseen horrors (D:11)
  8 komodo dragons
  A tengu conjurer (D:10)
  5 hornets
  2 polar bears (Lair:6)
  5 trolls
  Grinder (D:4)
  4 raiju (Abyss:2)
  4 slime creatures (D:13)
  Prince Ribbit (D:5)
  5 blink frogs
  A dream sheep (Lair:6)
  3 wyverns
  8 spriggans (Lair:6)
  2 wraiths
  A steam dragon (D:7)
  12 yaks
  2 fire elementals
  A golden eye (shapeshifter) (D:13)
  9 vampire mosquitoes
  2 wargs (D:10)
  Duvessa (D:4)
  17 water moccasins
  3 hell hounds
  5 orc warriors
  3 black bears
  A necrophage (D:8)
  An ice beast (D:7)
  A hornet zombie (D:8)
  2 ogres (D:6)
  12 wolves
  8 centaurs
  A lemure (D:7)
  5 kobold brigands
  A gnoll sergeant (D:9)
  5 bullfrogs
  A wyvern zombie (D:8)
  2 scorpions
  5 killer bees (D:9)
  12 wights
  3 howler monkeys (D:8)
  A bullfrog zombie (D:6)
  A centaur zombie (D:8)
  2 hounds
  A gnoll shaman (D:8)
  9 orc priests
  4 iguanas
  8 orc wizards
  A mummy (D:8)
  Robin (D:2)
  8 adders
  7 gnolls
  3 white imps
  2 ufetubi
  3 worms
  18 orcs
  3 ball pythons
  6 bats
  6 endoplasms
  A giant cockroach (D:1)
  11 goblins
  11 hobgoblins
  2 jackals (D:4)
  3 quokkas
  4 frilled lizards
  14 kobolds
  2 kobold zombies (D:12)
  4 rats
357 creatures vanquished.

Vanquished Creatures (collateral kills)
  Snorg (Lair:4)
  A vault guard (D:13)
  3 hydras
  2 centaur warriors
  The ghost of ytrimaz the Carver, a novice HuBe of Trog (D:9)
  5 death yaks
  A deep elf pyromancer (D:13)
  A cyclops (D:14)
  A black mamba (Lair:3)
  A rime drake (Lair:6)
  5 cane toads
  Maggie (D:9)
  A tengu conjurer (D:10)
  2 komodo dragons
  A troll (D:10)
  3 polar bears
  A hornet (Lair:6)
  The ghost of fragbeetle the Changer, an amateur MfTm (D:6)
  4 blink frogs
  A meliai zombie (D:11)
  2 slime creatures (Lair:6)
  5 spriggans (Lair:6)
  A wyvern (Lair:5)
  A wraith (D:12)
  18 yaks
  A fire elemental (D:13)
  A vampire mosquito (D:14)
  2 basilisks
  An acid dragon (D:10)
  A water moccasin (Lair:5)
  3 orc warriors
  A necrophage (D:8)
  3 black bears
  5 wolves
  4 boggarts (Lair:6)
  3 ogres
  A gnoll sergeant (D:10)
  3 bullfrogs
  Dowan (D:4)
  A wight (D:7)
  An electric eel (Lair:5)
  2 centaur zombies
  A hound (D:5)
  An orc priest (D:9)
  An iguana (D:3)
  An orc wizard (D:10)
  A hound zombie (D:5)
  A howler monkey zombie (D:6)
  5 gnolls
  4 adders (Lair:1)
  An adder skeleton (D:5)
  9 orcs
  A bush (Lair:2)
  A fungus (Lair:2)
  A plant (Lair:2)
126 creatures vanquished.

Vanquished Creatures (others)
  A wolf spider zombie (Lair:1)
  A spectral unseen horror (D:11)
  A spectral manticore (D:12)
  A boulder beetle zombie (Lair:6)
  A black mamba zombie (Lair:6)
  A two-headed ogre zombie (D:10)
  3 cane toad zombies
  2 blink frog zombies (Lair:6)
  2 elf zombies (D:13)
  2 human zombies
  3 hornet zombies (Lair:6)
  A dream sheep zombie (Lair:6)
  A rime drake zombie (Lair:6)
  5 vampire mosquito zombies
  A komodo dragon zombie (Lair:4)
  A wyvern zombie (Lair:4)
  3 water moccasin zombies
  7 yak zombies
  5 spriggan zombies (Lair:6)
  A polar bear zombie (Lair:6)
  A raiju zombie (Abyss:2)
  6 wolf zombies
  A centaur zombie (D:6)
  A bullfrog zombie (Lair:1)
  A spectral boggart (Lair:6)
  A black bear zombie (Lair:5)
  A scorpion zombie (D:7)
  3 killer bee zombies (D:9)
  A necrophage zombie (D:8)
  A steam dragon zombie (D:7)
  3 adder zombies
  An iguana zombie (D:5)
  2 spectral white imps
  A gnoll zombie (D:9)
  5 goblin zombies
  A hobgoblin zombie (D:2)
  6 kobold zombies
  10 orc zombies
  2 quokka zombies (D:4)
  A spectral endoplasm (D:2)
  A spectral ufetubus (D:7)
  101 fungi
  152 plants
  6 withered plants (D:8)
352 creatures vanquished.

Grand Total: 835 creatures vanquished

Notes
Turn   | Place    | Note
-------+----------+-------------------------------------------
     0 | D:1      | Zonian the Demonspawn Necromancer began the quest for the
                  | Orb.
     0 | D:1      | Reached XP level 1. HP: 13/13 MP: 3/3
   620 | D:1      | Found a faded altar of an unknown god.
   627 | D:1      | Gained mutation: You have a small tail. [demonic ancestry]
   627 | D:1      | Reached XP level 2. HP: 17/19 MP: 1/5
  1651 | D:2      | Noticed Robin
  1801 | D:2      | Found a basalt altar of Yredelemnul.
  1815 | D:2      | Reached XP level 3. HP: 23/24 MP: 4/6
  1820 | D:2      | Became a worshipper of Yredelemnul the Dark
  2015 | D:2      | Noticed a black bear
  2073 | D:2      | Learned a level 3 spell: Vampiric Draining
  2108 | D:2      | Killed Robin
  4596 | D:3      | Reached skill level 1 in Invocations
  4596 | D:3      | Reached XP level 4. HP: 28/30 MP: 4/7
  4928 | D:3      | Found Pirajaof's Assorted Antiques.
  5223 | D:3      | Reached * piety under Yredelemnul
  5251 | D:3      | Reached skill level 5 in Necromancy
  5277 | D:3      | Got the Grimoire of Transmutation
  5664 | D:3      | Found an ornate altar of the Wu Jian Council.
  5665 | D:3      | Found a hazy altar of Hepliaklqana.
  5813 | D:3      | Reached XP level 5. HP: 22/35 MP: 5/9
  6133 | D:4      | Reached skill level 2 in Invocations
  6587 | D:4      | Found an opulent altar of Gozag.
  6588 | D:4      | Noticed Dowan
  6660 | D:4      | Found a sacrificial altar of Ru.
  6962 | D:4      | Noticed a necrophage
  6987 | D:4      | Found Pahulea's Distillery.
  7187 | D:4      | Noticed Duvessa
  7298 | D:5      | Entered Level 5 of the Dungeon
  7298 | D:5      | Found a staircase to the Ecumenical Temple.
  7357 | D:5      | Noticed Prince Ribbit
  7386 | D:5      | Killed Prince Ribbit
  7387 | D:5      | Reached skill level 3 in Invocations
  7387 | D:5      | Gained mutation: You have a tail ending in a sharp stinger.
                  | [demonic ancestry]
  7387 | D:5      | Reached XP level 6. HP: 3/41 MP: 3/11
  8291 | D:5      | Gained mutation: You are partially covered in sharp spines.
                  | [demonic ancestry]
  8291 | D:5      | Reached XP level 7. HP: 44/46 MP: 10/12
  8494 | D:5      | Found Kyesuru's General Store.
  8505 | D:5      | Bought a scroll of teleportation for 45 gold pieces
  8505 | D:5      | Bought a potion of curing for 45 gold pieces
  8930 | D:4      | Noticed Grinder
  9670 | D:5      | Reached skill level 4 in Invocations
 10603 | D:6      | Gained mutation: You are partially covered in large bone
                  | plates. (SH +4) [demonic ancestry]
 10603 | D:6      | Reached XP level 8. HP: 12/52 MP: 6/14
 11034 | D:6      | Noticed fragbeetle's ghost (amateur MfTm)
 11039 | D:6      | Found a runed translucent door.
 11082 | D:6      | Reached skill level 5 in Invocations
 11368 | D:6      | Reached skill level 5 in Stealth
 11652 | D:6      | Reached ** piety under Yredelemnul
 11652 | D:6      | Reached skill level 5 in Spellcasting
 11652 | D:6      | Reached skill level 6 in Invocations
 12133 | D:6      | Killed fragbeetle's ghost
 12134 | D:6      | Reached skill level 5 in Dodging
 12231 | D:6      | Found a sparkling altar of Nemelex Xobeh.
 12247 | D:6      | Reached XP level 9. HP: 57/57 MP: 16/16
 12762 | D:7      | Noticed Harold
 13262 | D:7      | Identified the +1 ring mail of Dithmenos's Favour {rC-
                  | Int+9}
 13503 | D:7      | Learned a level 5 spell: Agony
 14109 | D:4      | Killed Duvessa
 14110 | D:4      | Reached skill level 1 in Fighting
 14110 | D:4      | Reached skill level 1 in Armour
 14110 | D:4      | Reached skill level 7 in Invocations
 14118 | D:4      | Killed Dowan
 14214 | D:4      | Paralysed by Grinder for 2 turns
 14238 | D:4      | Killed Grinder
 14933 | D:3      | Bought a twisted glass ring for 120 gold pieces
 15084 | D:2      | Reached skill level 1 in Long Blades
 15266 | D:7      | Killed Harold
 15321 | D:7      | Your ally Harold died
 15446 | D:7      | Noticed Pikel
 15581 | D:7      | Killed Pikel
 15582 | D:7      | Gained mutation: You are mostly covered in sharp spines.
                  | [demonic ancestry]
 15582 | D:7      | Reached XP level 10. HP: 61/68 MP: 4/18
 16331 | D:8      | Reached skill level 1 in Throwing
 16343 | D:8      | Reached skill level 1 in Short Blades
 16384 | D:8      | Found Copetagy's General Store.
 16617 | D:3      | Bought a small coral ring for 120 gold pieces
 17925 | D:8      | Reached skill level 8 in Invocations
 18134 | D:9      | Noticed Maurice
 18179 | D:9      | Noticed a two-headed ogre
 19428 | D:9      | Killed a two-headed ogre
 19446 | D:9      | Noticed Maggie
 19457 | D:9      | Killed Maggie
 20052 | D:9      | Paralysed by a hornet for 2 turns
 20056 | D:9      | Reached XP level 11. HP: 61/76 MP: 16/20
 20332 | D:9      | Found a runed translucent door.
 20335 | D:9      | Noticed ytrimaz's ghost (novice HuBe)
 20364 | D:9      | Killed ytrimaz's ghost
 20729 | D:9      | Killed Maurice
 21263 | D:10     | Entered Level 10 of the Dungeon
 21285 | D:10     | Noticed a two-headed ogre
 21295 | D:10     | Killed a two-headed ogre
 21483 | D:10     | Noticed a sixfirhy
 21487 | D:10     | Reached skill level 9 in Invocations
 21491 | D:10     | Upgraded the game from 0.28-a0-1130-gc51a68064b to
                  | 0.28-a0-1143-gcf6077d4cc
 21676 | D:10     | Noticed a sixfirhy
 21900 | D:10     | Found a runed translucent gate.
 21900 | D:10     | Found a runed translucent gate.
 21900 | D:10     | Found a runed translucent gate.
 21902 | D:10     | Found an opulent altar of Gozag.
 21998 | D:10     | Found a broken altar of Ashenzari.
 22030 | D:10     | Found a staircase to the Lair.
 22631 | D:10     | Reached *** piety under Yredelemnul
 22790 | D:10     | Noticed a centaur warrior
 22799 | D:10     | Killed a centaur warrior
 23010 | D:10     | Found the +0 staff of Battle
 23027 | D:10     | Reached **** piety under Yredelemnul
 23117 | D:10     | Found Lugocvar's Assorted Antiques.
 23117 | D:10     | Noticed KennySheep's ghost (novice DECj)
 23256 | D:3      | Bought a copper wand for 96 gold pieces
 23377 | Lair:1   | Entered Level 1 of the Lair of Beasts
 23620 | Lair:1   | Noticed a wolf spider
 23628 | Lair:1   | Killed a wolf spider
 23701 | Lair:1   | Noticed a four-headed hydra
 23712 | Lair:1   | Killed a four-headed hydra
 24077 | Lair:1   | Reached skill level 5 in Fighting
 24080 | Lair:1   | Reached XP level 12. HP: 63/86 MP: 22/22
 24332 | Lair:1   | Reached ***** piety under Yredelemnul
 25212 | Lair:2   | Noticed an eight-headed hydra
 25279 | Lair:2   | Noticed a six-headed hydra
 25372 | Lair:2   | Noticed a five-headed hydra
 25527 | Lair:2   | Learned a level 2 spell: Poisonous Vapours
 26165 | Lair:2   | Killed a six-headed hydra
 26166 | Lair:2   | Reached skill level 1 in Air Magic
 26166 | Lair:2   | Reached skill level 1 in Poison Magic
 26414 | Lair:2   | Killed a five-headed hydra
 26415 | Lair:2   | Reached skill level 10 in Invocations
 26983 | Lair:2   | Killed an eight-headed hydra
 27500 | D:3      | Bought a potion of curing for 72 gold pieces
 27655 | Lair:3   | Identified a scroll of acquirement
 27655 | Lair:3   | Acquired the +0 pair of boots of Dediux {rPois Dex+2}
 27713 | Lair:3   | Noticed a death yak
 27726 | Lair:3   | Killed a death yak
 27752 | Lair:3   | Noticed a death yak
 27755 | Lair:3   | Noticed a death yak
 27765 | Lair:3   | Killed a death yak
 27766 | Lair:3   | Killed a death yak
 28103 | Lair:3   | Found a staircase to the Snake Pit.
 28107 | Lair:3   | Reached skill level 5 in Short Blades
 28109 | Lair:3   | Reached ****** piety under Yredelemnul
 28635 | Lair:3   | You fall into a shaft and drop 1 floor!
 29226 | Lair:4   | Noticed Snorg
 29245 | Lair:4   | Killed Snorg
 29246 | Lair:4   | Gained mutation: You are mostly covered in large bone
                  | plates. (SH +6) [demonic ancestry]
 29246 | Lair:4   | Reached XP level 13. HP: 35/94 MP: 24/24
 30199 | Lair:4   | Found a staircase to the Swamp.
 30505 | Lair:5   | Reached skill level 11 in Invocations
 31407 | Lair:6   | Entered Level 6 of the Lair of Beasts
 32639 | Lair:6   | Found a staircase to the Slime Pits.
 32924 | Lair:6   | Reached skill level 5 in Poison Magic
 33307 | Lair:6   | Reached skill level 12 in Invocations
 33756 | Lair:6   | Gained mutation: You regenerate a little health from kills.
                  | [demonic ancestry]
 33756 | Lair:6   | Reached XP level 14. HP: 21/104 MP: 18/25
 33759 | Lair:6   | Reached skill level 5 in Air Magic
 34870 | D:3      | Bought a glimmering hand crossbow for 204 gold pieces
 34870 | D:3      | Identified the +4 hand crossbow of Valiance {freeze, rPois
                  | rC- Will+++ Str+3} (You bought it in a shop on level 3 of
                  | the Dungeon)
 34873 | D:3      | Bought 2 brown potions for 43 gold pieces
 35342 | Lair:6   | Learned a level 4 spell: Olgreb's Toxic Radiance
 35712 | D:11     | Found a staircase to the Orcish Mines.
 36432 | D:11     | Reached skill level 1 in Evocations
 36462 | D:11     | Reached skill level 1 in Shields
 36862 | D:12     | Reached skill level 10 in Stealth
 37067 | D:12     | Found a frozen archway.
 37670 | D:12     | Got the Incunabulum of Damaging Changing
 37916 | D:13     | Acquired 841 gold pieces
 38004 | D:13     | Noticed Azrael
 38406 | D:13     | Killed Azrael
 38612 | D:13     | Found a gate to the Vaults.
 39478 | D:13     | Found a transporter.
 40707 | D:13     | Reached skill level 13 in Invocations
 40752 | D:13     | Found a transporter.
 40754 | D:13     | Noticed an acid blob
 40755 | D:13     | Noticed an acid blob
 41057 | D:14     | Cast into level 2 of the Abyss (a wizard)
 41071 | Abyss:2  | Noticed a tentacled starspawn
 41288 | Abyss:2  | Mangled by a large abomination

Illustrated notes

Levels and vault maps discovered:
D:1:      lightli_molten_gateway, layout_basic,
          shapermc_ecumenical_altar_starsandcircs
D:2:      layout_basic, basic_altar, uniq_robin
D:3:      layout_basic, mainiacjoe_overflow_alcove_3, serial_shops, shop,
          serial_glass, glass_columns_a, glass_columns_a, minmay_checkerbox
D:4:      layout_loops_ring, nicolae_ru_awakened_eye, grunt_gozag_statues,
          serial_shops, shop, uniq_grinder, uniq_duvessa
D:5:      minmay_razor_zed, layout_loops_ring, minmay_temple_entry_junction,
          serial_shops, nicolae_stop_n_shop_2, uniq_prince_ribbit1
D:6:      layout_basic, nemelex_dance_club_becter,
          hellmonk_ghost_happy_afterlife, kennysheep_pointless_box,
          minmay_microvault
D:7:      layout_loops_ring, uniq_harold, uniq_pikel
D:8:      layout_loops_ring, serial_shops, nicolae_shop_advertising_works
          [nicolae_subvault_shop_adworks], serial_undead, serial_undead_f,
          serial_undead_a, serial_undead_b, serial_undead_b, fountainhead,
          minmay_quadrilaterals
D:9:      layout_loops_corners, ebering_ghost_reflecting_pool, uniq_maggie,
          uniq_maurice
D:10:     layout_irregular_city, mainiacjoe_overflow_24_doors,
          erik_lair_orcish_takeover, enter_bailey_1, ebering_ghost_gozag,
          hellmonk_guarded_unrand_staff_of_battle
D:11:     layout_gridville, orc_0_dummy, grunt_decor_arrowhead
D:12:     layout_stronghold, portal_ice_cave_entry_pillars_1
D:13:     gammafunk_cloud_chamber, layout_long_grid, erik_vaults_2,
          ldierk_geyser, uniq_azrael
D:14:     layout_small_grid, st_stairs_1, doesnt_xom_only_xom
Lair:1:   minmay_lair_venomous_thicket, layout_chaotic_city
Lair:2:   layout_layer_cave, st_stairs_7, infiniplex_staircase_pool_2,
          grunt_megastairs_1
Lair:3:   layout_long_grid, minmay_snake_entry_six_corridors
Lair:4:   layout_small_grid, swamp_mist, minivault_19, uniq_snorg
Lair:5:   layout_long_grid, serial_bayou_shore_a
Lair:6:   minmay_lair_end_enchanted_forest, layout_cave_shapes,
          minmay_slime_entry_pillars, lemuel_fruit_tree
Abyss:2:  base:
D:13

Skill      XL: |  1  2  3  4  5  6  7  8  9 10 11 12 13 14 |
---------------+-------------------------------------------+-----
Stealth        | 2 3 4 5 6 7 8 9 10 | 10.0
Dodging        | 2 3 4 5 6 7 8 9 |  9.7
Invocations    | 1 3 4 6 7 8 9 10 12 13 | 13.1
Necromancy     | 5 6 7 8 9 |  9.5
Spellcasting   | 3 4 5 6 7 |  7.3
Fighting       | 2 3 5 6 7 8 |  8.8
Armour         | 2 3 4 |  4.7
Long Blades    | 2 |  2.1
Throwing       | 2 3 |  3.9
Short Blades   | 2 3 5 6 7 |  7.6
Air Magic      | 3 4 5 |  5.0
Poison Magic   | 3 5 6 |  6.8
Evocations     | 3 |  3.7
Shields        | 3 |  3.1

Action                   |  1- 3 |  4- 6 |  7- 9 | 10-12 | 13-15 || total
-------------------------+-------+-------+-------+-------+-------++-------
Melee: Unarmed           |     6 |       |       |       |       ||     6
       Dagger            |    64 |    51 |   185 |    76 |       ||   376
       Tailslap          |     1 |     7 |    26 |    73 |   124 ||   231
       Short sword       |       |       |       |   382 |   615 ||   997
       Scimitar          |       |       |       |     7 |       ||     7
Throw: Throwing net      |       |       |     3 |       |     5 ||     8
       Dart              |       |       |       |       |     1 ||     1
 Cast: Pain              |    71 |    62 |    57 |    22 |     2 ||   214
       Vampiric Draining |       |       |    16 |    38 |    38 ||    92
       Agony             |       |       |       |     1 |     1 ||     2
       Poisonous Vapours |       |       |       |       |    18 ||    18
       Olgreb's Toxic Ra |       |       |       |       |     3 ||     3
Invok: Recall Undead Har |       |       |       |     2 |     2 ||     4
       Dark Bargain      |       |       |       |     1 |     1 ||     2
Evoke: Wand              |       |     2 |     4 |    16 |    29 ||    51
       Condenser vane    |       |       |       |       |     2 ||     2
       Piece from Xom's  |       |       |       |       |     3 ||     3
  Use: Scroll            |       |     6 |    10 |    15 |    10 ||    41
       Potion            |       |       |     3 |     6 |     6 ||    15
 Stab: Sleeping          |     1 |     4 |     8 |    14 |    10 ||    37
       Distracted        |       |       |     2 |     5 |     9 ||    16
       Held in net/web   |       |       |     2 |       |       ||     2
Armor: Robe              |    20 |    23 |    18 |       |       ||    61
       Ring mail         |       |       |    21 |    86 |   140 ||   247
Dodge: Dodged            |    61 |    48 |   143 |   363 |   397 ||  1012
Block: Other             |       |       |    31 |    79 |    63 ||   173
       Buckler           |       |       |       |       |   173 ||   173

Table legend: (Time is in decaauts)
 A = Elapsed time spent in this place.
 B = Non-inter-level travel time spent in this place.
 C = Inter-level travel time spent in this place.
 D = Time resting spent in this place.
 E = Time spent auto-exploring this place.
 F = Levels seen in this place.
 G = Mean time per level.
                   A        B        C        D        E       F      G
               +--------+--------+--------+--------+--------+-----+--------+
         Total |  44009 |  41480 |   2529 |  17341 |  16782 |  21 | 2095.7 |
       Dungeon |  31747 |  29658 |   2089 |  12870 |  12162 |  14 | 2267.6 |
          Lair |  12058 |  11619 |    439 |   4356 |   4620 |   6 | 2009.7 |
         Abyss |    203 |    203 |      0 |    114 |      0 |   1 |  203.0 |
               +--------+--------+--------+--------+--------+-----+--------+

Top non-repeatable levels by time:
  Lair:6: 3424 daAuts
     D:2: 3329 daAuts
     D:5: 3104 daAuts
     D:7: 2975 daAuts
     D:9: 2904 daAuts
    D:12: 2751 daAuts
     D:4: 2534 daAuts
     D:8: 2526 daAuts
  Lair:2: 2434 daAuts
     D:6: 2339 daAuts
    D:10: 2280 daAuts
  Lair:1: 2004 daAuts
    D:11: 1885 daAuts
     D:3: 1824 daAuts
  Lair:4: 1816 daAuts
